 Dungeon Crawl Stone Soup version 0.29.1-1-gd02db6906a (webtiles) character file.

Game seed: 2997539544335008135

3752 hawla the Arsonist (level 10, 0/73 HPs)
             Began as a Meteoran Fire Elementalist on Oct 12, 2022.
             Was an Initiate of Jiyva.
             Slain by a two-headed ogre
             ... wielding a +0 dire flail
              (5 damage)
             ... on level 8 of the Dungeon.
             The game lasted 00:22:46 (4388 turns).

hawla the Arsonist (Meteoran Fire Elementalist)     Turns: 4388, Time: 00:22:48

Health: 0/73       AC: 12    Str: 14    XL:     10   Next: 64%
Magic:  9/24       EV: 14    Int: 25    God:    Jiyva [......]
Gold:   348        SH:  0    Dex: 15    Spells: 17/28 levels left

rFire   . . .      SeeInvis .   j - +10 short sword of Dim Light {pain, rElec Str+4}
rCold   . . .      Faith    .   (no shield)
rNeg    . . .      Spirit   .   a - +2 robe
rPois   +          Reflect  .   (no helmet)
rElec   +          Harm     .   u - +1 cloak {rCorr}
rCorr   +          Rampage  .   c - +1 pair of gloves of the Arcane {Int+4}
Will    +....                   (no boots)
Stlth   +.........              (no amulet)
HPRegen 0.22/turn               d - ring of flight
MPRegen 0.19/turn               r - +4 ring of protection

@: flying, glowing, unable to drink
A: sense surroundings 2, otherworldly, glowing, explore regen, poison
resistance, electricity resistance, inability to drink after injury 1
a: Renounce Religion


You were on level 8 of the Dungeon.
You worshipped Jiyva.
Jiyva was noncommittal.
You visited 1 branch of the dungeon, and saw 8 of its levels.

You collected 349 gold pieces.
You spent 1 gold pieces at shops.

Inventory:

Hand Weapons
 f - a -3 triple sword
 j - the +10 short sword of Dim Light (weapon) {pain, rElec Str+4}
   (You found it on level 2 of the Dungeon)

   In the hands of one skilled in necromantic magic, it inflicts extra damage on
   living creatures.
   Str:       It affects your strength (+4).
   rElec:     It insulates you from electricity.
 v - a +5 great sword
Armour
 a - a +2 robe (worn)
 c - the +1 pair of gloves of the Arcane (worn) {Int+4}
   (You acquired it on level 5 of the Dungeon)

   Int:       It affects your intelligence (+4).
 u - a +1 cloak of preservation (worn)
Jewellery
 d - a ring of flight (left hand)
 l - a ring of ice
 r - a +4 ring of protection (right hand)
Wands
 h - a wand of roots (30)
 n - a wand of digging (1)
 x - a wand of charming (13)
Scrolls
 e - 2 scrolls of blinking
 i - 3 scrolls of teleportation
 m - 2 scrolls of identify
 p - a scroll of fear
 q - a scroll of fog
 s - a scroll of magic mapping
Potions
 b - 2 potions of magic
 g - 3 potions of haste
 k - 3 potions of might
 o - a potion of brilliance
 t - 2 potions of curing {unknown}
 w - a potion of mutation


   Skills:
 - Level 1.8 Fighting
 - Level 3.6 Short Blades
 - Level 4.4 Dodging
 - Level 1.4 Stealth
 - Level 9.5 Spellcasting
 - Level 6.0 Conjurations
 - Level 2.0 Necromancy
 - Level 11.1 Fire Magic
 + Level 4.0 Air Magic


You had 17 spell levels left.
You knew the following spells:

 Your Spells              Type           Power      Damage    Failure   Level
a - Foxfire               Conj/Fire      100%       2x1d9     1%          1
b - Scorch                Fire           100%       2d10      1%          2
c - Flame Wave            Conj/Fire      53%        2d13      1%          4
d - Airstrike             Air            16%        2d(3-19)  10%         4

Your spell library contained the following spells:

 Spells                   Type           Power      Damage    Failure   Level
 Conjure Flame            Conj/Fire      53%        6-21      1%          3
 Inner Flame              Hex/Fire       39%        N/A       1%          3
 Lightning Bolt           Conj/Air       18%        1d33      19%         5
 Summon Lightning Spire   Summ/Air       22%        N/A       22%         4
 Olgreb's Toxic Radiance  Pois           11%        N/A       45%         4
 Ignition                 Fire           30%        3d10      98%         8
 Ozocubu's Refrigeration  Ice            5%         4d8       100%        7


Dungeon Overview and Level Annotations

Branches:
Dungeon (8/15) Zot: 399    Temple (0/1) D:7
   Lair: D:8-11

Altars:
Dithmenos
Okawaru
Jiyva

Shops:
D:1 (   D:7 *


Innate Abilities, Weirdness & Mutations

You passively map the area around you.
You are easily found by Zot.
You glow in the dark.
You regain HP and MP as you explore.
Your system is resistant to poisons. (rPois)
You are resistant to electric shocks. (rElec)
You occasionally lose the ability to drink potions when taking damage.


Message History

Confirm with . or Enter, or press ? or * to list all spells.
Casting: Flame Wave (dangerous; 1% risk of failure)
Press: ? - help, Dir - look around, f - activate A wave of flame ripples out!
The flame wave engulfs the orc!
You kill the orc!
The flame wave engulfs the two-headed ogre!
The two-headed ogre is lightly wounded.
The flame wave engulfs the bullfrog!
The bullfrog is severely wounded.
The flame wave engulfs the troll!
The troll is moderately wounded. (Press . to intensify the flame waves.)
The bullfrog barely misses you.
You hear a distant slurping noise.
You hear a squelching noise.
The troll bites you but does no damage. The troll closely misses you.
The troll misses you.
The two-headed ogre hits you with a +0 dire flail!
The two-headed ogre hits you with a +0 giant club!
You feel threatened and lose the ability to drink potions!
You hear a distant slurping noise.
The bullfrog hits you but does no damage.
A wave of flame ripples out!
The flame wave engulfs the two-headed ogre.
The two-headed ogre is moderately wounded.
The flame wave engulfs the manticore!!
The manticore is heavily wounded.
The flame wave engulfs the bullfrog.
You kill the bullfrog!
The flame wave engulfs the troll!
The troll is heavily wounded.
You hear a loud, deep croak!
The troll bites you. The troll barely misses you. x2
The manticore bites you!!
* * * LOW HITPOINT WARNING * * *
The manticore claws you.
* * * LOW HITPOINT WARNING * * *
The manticore barely misses you.
The two-headed ogre completely misses you.
The two-headed ogre hits you with a +0 giant club.
You die...

.#####(##.####......#*
....................#
....#...#....#......#
#####...##..##......#
###.....##.....#*
#......)....####
#..#....D......#
#####....)HT...#
#.....@....#
#.....O.....#
#...........#
#...........#
#...........#
#####.......#
#########


You could see a two-headed ogre, a manticore, a troll and a steam dragon.

Vanquished Creatures
  Maggie (D:7)
  Sigmund (D:3)
  A wyvern (D:8)
  A steam dragon (D:7)
  Edmund (D:5)
  A water moccasin (D:7)
  An orc warrior (D:7)
  4 ice beasts
  3 black bears
  A sky beast (D:7)
  2 ogres
  The ghost of fireball365 the Digger, an amateur DgEE (D:4)
  A phantom (D:5)
  A kobold brigand (D:7)
  5 bullfrogs
  3 necrophages
  A scorpion (D:5)
  4 wights (D:8)
  6 jellies
  4 orc priests
  4 hounds
  Crazy Yiuf (D:2)
  2 gnoll boudas
  2 iguanas (D:6)
  2 orc wizards
  Natasha (thrice) (D:4)
  5 adders
  8 gnolls
  An ufetubus (D:6)
  5 worms
  2 dart slugs
  35 orcs
  6 ball pythons
  4 endoplasms
  6 giant cockroaches
  8 goblins
  4 hobgoblins
  6 jackals
  4 quokkas
  5 bats
  2 frilled lizards (D:1)
  6 kobolds
  4 rats
168 creatures vanquished.

Vanquished Creatures (collateral kills)
  7 foxfires (D:1)
7 creatures vanquished.

Vanquished Creatures (others)
  3 jellies (D:8)
  A killer bee (D:8)
  175 foxfires
  19 plants (D:1)
198 creatures vanquished.

Grand Total: 373 creatures vanquished

Notes
Turn   | Place    | Note
-------+----------+-------------------------------------------
     0 | D:1      | hawla the Meteoran Fire Elementalist began the quest for
                  | the Orb.
     0 | D:1      | Reached XP level 1. HP: 14/14 MP: 5/5
   107 | D:1      | Reached skill level 4 in Fire Magic
   119 | D:1      | Reached XP level 2. HP: 20/20 MP: 2/6
   122 | D:1      | Learned a level 2 spell: Scorch
   130 | D:1      | Found Amefoh's Antique Weapon Boutique.
   199 | D:1      | Found a faded altar of an unknown god.
   344 | D:1      | Reached XP level 3. HP: 26/26 MP: 4/8
   500 | D:1      | Glimpsed the power of Zot.
   574 | D:2      | Identified the +10 short sword of Dim Light {pain, rElec
                  | Str+4}
   759 | D:2      | Identified the +6 whip of the Chewing Soothsayer {venom,
                  | *Rage rPois rF+++ Stlth+}
   935 | D:2      | Reached skill level 1 in Necromancy
  1035 | D:2      | Found a runed translucent door.
  1036 | D:2      | Noticed Crazy Yiuf
  1066 | D:2      | Reached XP level 4. HP: 33/33 MP: 7/10
  1087 | D:2      | Killed Crazy Yiuf
  1100 | D:2      | Glimpsed the power of Zot.
  1132 | D:3      | Gained mutation: Your system is resistant to poisons.
                  | (rPois) [potion of mutation]
  1132 | D:3      | Gained mutation: You occasionally lose the ability to drink
                  | potions when taking damage. [potion of mutation]
  1132 | D:3      | Gained mutation: You are resistant to electric shocks.
                  | (rElec) [potion of mutation]
  1152 | D:3      | Learned a level 4 spell: Flame Wave
  1228 | D:3      | Noticed Sigmund
  1232 | D:3      | Reached XP level 5. HP: 39/39 MP: 7/11
  1236 | D:3      | Killed Sigmund
  1237 | D:3      | Reached skill level 6 in Fire Magic
  1237 | D:3      | Reached XP level 6. HP: 46/46 MP: 0/12
  1365 | D:3      | Found a shadowy altar of Dithmenos.
  1645 | D:4      | Reached XP level 7. HP: 51/51 MP: 10/13
  1691 | D:4      | Noticed Natasha
  1700 | D:4      | Killed Natasha
  1722 | D:4      | Reached skill level 7 in Fire Magic
  1729 | D:4      | Noticed Natasha
  1732 | D:4      | Killed Natasha
  1738 | D:4      | Noticed Natasha
  1745 | D:4      | Killed Natasha
  1986 | D:4      | Found a large runed translucent door.
  1986 | D:4      | Found a large runed translucent door.
  1987 | D:4      | Noticed fireball365's ghost (amateur DgEE)
  2005 | D:4      | Killed fireball365's ghost
  2158 | D:5      | Entered Level 5 of the Dungeon
  2161 | D:5      | Identified a scroll of acquirement
  2161 | D:5      | Acquired the +1 pair of gloves of the Arcane {Int+4}
  2203 | D:5      | Reached XP level 8. HP: 58/58 MP: 1/15
  2247 | D:5      | Noticed Edmund
  2256 | D:5      | Killed Edmund
  2257 | D:5      | Reached skill level 8 in Fire Magic
  2290 | D:5      | Reached skill level 5 in Spellcasting
  2457 | D:5      | Reached skill level 1 in Short Blades
  2590 | D:5      | Gained mutation: You passively map the area around you.
                  | [Meteoran growth]
  2590 | D:5      | Reached XP level 9. HP: 63/63 MP: 15/19
  2615 | D:5      | Reached skill level 9 in Fire Magic
  2887 | D:5      | Glimpsed the power of Zot.
  3151 | D:6      | Reached skill level 1 in Fighting
  3151 | D:6      | Reached skill level 5 in Conjurations
  3487 | D:6      | Glimpsed the power of Zot.
  3569 | D:7      | Found Epnom's Lightly-Used Armoury.
  3577 | D:7      | Bought a -3 triple sword for 1 gold piece
  3637 | D:7      | Reached skill level 10 in Fire Magic
  3674 | D:7      | Found a staircase to the Ecumenical Temple.
  3791 | D:7      | Noticed Maggie
  3794 | D:7      | Reached XP level 10. HP: 71/72 MP: 3/23
  3809 | D:7      | Killed Maggie
  4088 | D:7      | Glimpsed the power of Zot.
  4136 | D:8      | Identified the +4 spear of Destruction {antimagic, Str+7}
  4171 | D:8      | Reached skill level 11 in Fire Magic
  4184 | D:8      | Found a viscous altar of Jiyva.
  4207 | D:8      | Became a worshipper of Jiyva Jophimuw the Shapeless
  4213 | D:8      | Learned a level 4 spell: Airstrike
  4247 | D:8      | Reached skill level 1 in Air Magic
  4247 | D:8      | Found an iron altar of Okawaru.
  4322 | D:8      | Noticed a two-headed ogre
  4322 | D:8      | Noticed a manticore
  4324 | D:8      | Identified the +7 rapier "Ekhojogo" {flame, rC+ SInv}
  4388 | D:8      | Slain by a two-headed ogre

Illustrated notes

Levels and vault maps discovered:
D:1:      wander_arrival_lonely_grave, layout_rooms, serial_shops,
          shop_fountains, shapermc_ecumenical_altar_starsandcircs,
          kennysheep_boxes
D:2:      layout_loops_corners, uniq_crazy_yiuf_cottage
D:3:      layout_basic, grunt_dithmenos_smoke, uniq_sigmund
D:4:      layout_cave_pools, ebering_ghost_disaster_area, uniq_natasha
D:5:      layout_gridville, uniq_edmund
D:6:      layout_gridville, minivault_27
D:7:      layout_basic, minmay_temple_entry_overgrown, serial_bayou_pond_e,
          minmay_misc_feat_roman, minmay_shop_damaged, uniq_maggie
D:8:      minmay_bloctagon, layout_rooms, kennysheep_okawaru_gauntlet,
          mainiacjoe_overflow_tiny_flanked, jiyva_altar_1

Skill      XL: |  1  2  3  4  5  6  7  8  9 10 |
---------------+-------------------------------+-----
Fire Magic     | 4 6 7 8 10 11 | 11.1
Spellcasting   | 3 4 6 8 9 |  9.5
Necromancy     | 1 2 |  2.0
Conjurations   | 2 3 4 5 6 |  6.0
Short Blades   | 1 2 3 |  3.6
Dodging        | 3 4 |  4.4
Fighting       | 1 |  1.8
Air Magic      | 4 |  4.0
Stealth        | |  1.4

Action                   |  1- 3 |  4- 6 |  7- 9 | 10-12 || total
-------------------------+-------+-------+-------+-------++-------
Melee: Short sword       |     7 |    11 |    57 |    11 ||    86
       Unarmed           |     1 |       |       |       ||     1
       Punch             |       |     1 |       |       ||     1
 Cast: Foxfire           |    44 |    24 |    33 |     9 ||   110
       Scorch            |     6 |    10 |    44 |    17 ||    77
       Flame Wave        |       |     1 |    22 |     8 ||    31
       Airstrike         |       |       |       |     3 ||     3
Evoke: Wand              |       |       |       |     1 ||     1
  Use: Scroll            |       |     9 |    12 |     1 ||    22
       Potion            |       |     1 |       |       ||     1
Armor: Robe              |    11 |     3 |    42 |    19 ||    75
Dodge: Dodged            |    18 |     4 |    53 |    26 ||   101
